 Dungeon Crawl Stone Soup version 0.30-a0-691-g754fce4c43 (webtiles) character file.

Game seed: 10729143846964655868

3 ragingrage the Slasher (level 1, -3/24 HPs)
             Began as an Octopode Berserker on Jan 19, 2023.
             Was a Follower of Trog.
             Slain by a hobgoblin (5 damage)
             ... on level 1 of the Dungeon.
             The game lasted 00:00:11 (69 turns).

ragingrage the Slasher (Octopode Berserker)           Turns: 69, Time: 00:00:12

Health: -3/24      AC:  1    Str: 16    XL:     1   Next: 50%
Magic:  1/1        EV: 13    Int:  9    God:    Trog [*.....]
Gold:   10         SH:  0    Dex: 11    Spells: 0/0 levels left

rFire   . . .      SeeInvis .    a - +0 falchion
rCold   . . .      Faith    .    (no shield)
rNeg    . . .      Spirit   .    (helmet restricted)
rPois   .          Reflect  .    (no amulet)
rElec   .          Harm     .    (no ring)
rCorr   .          Rampage  .    (no ring)
Will    .....                    (no ring) Stlth
                                 (no ring)
HPRegen 0.24/turn                (no ring)
MPRegen 0.07/turn                (no ring)
                                 (no ring)
                                 (no ring)

@: berserking, very quick
A: almost no armour, amphibious, 8 rings, camouflage 1, gelatinous body 1,
(nimble swimmer 1), tentacles
a: Renounce Religion, Berserk


You were on level 1 of the Dungeon.
You worshipped Trog.
Trog was aware of your devotion.
You visited 1 branch of the dungeon, and saw 1 of its levels.

You collected 10 gold pieces.

Inventory:

Hand Weapons
 a - a +0 falchion (weapon)
Scrolls
 b - a scroll of immolation {unknown}


   Skills:
 - Level 3.0 Fighting
 * Level 3.1 Long Blades
 - Level 3.0 Dodging
 + Level 0.4 Stealth


You couldn't memorise any spells.
You didn't know any spells.
Your spell library was empty.

Dungeon Overview and Level Annotations

Branches:
Dungeon (1/15)

Altars:


Innate Abilities, Weirdness & Mutations

You cannot wear most types of armour.
You are amphibious.
You can wear up to eight rings at the same time.
Your skin changes colour to match your surroundings (Stealth+).
Your rubbery body absorbs attacks. (AC +1, EV +1)
((You are camouflaged when in or above water. (Stealth+)))
You have tentacles for arms and can constrict up to eight enemies at once.


Message History

You slash the kobold!
You kill the kobold!
Trog accepts your kill.
No target in view!
No target in view!
You see here a +0 short sword.
Unknown command.
A goblin comes into view. It is wielding a +0 club.
The goblin shouts!
You hear a shout!
A rat comes into view.
There are monsters nearby!
Setting a skill training target for Long Blades at 14.0.
A giant cockroach comes into view.
Found a +0 club and a hand axe.
Found a stone staircase leading down.
The giant cockroach misses you. The goblin closely misses you.
You hit the giant cockroach.
You kill the giant cockroach!
Trog accepts your kill.
The goblin hits you from afar with a +0 trident!
You are too injured to fight recklessly!
You are too injured to fight recklessly!
You are too injured to fight recklessly!
You are too injured to fight recklessly!
You are too injured to fight recklessly!
You are too injured to fight recklessly!
You are too injured to fight recklessly!
A hobgoblin comes into view.
The goblin hits you with a +0 trident.
You hit the goblin but do no damage. You grab the goblin.
Your squeeze misses the goblin. You constrict the goblin.
The goblin hits you with a +0 trident.
* * * LOW HITPOINT WARNING * * *
You hit the goblin but do no damage.
The goblin is severely wounded.
You constrict the goblin.
You kill the goblin!
Trog accepts your kill.
A red film seems to cover your vision as you go berserk!
You feel yourself moving faster!
You feel mighty! The hobgoblin hits you.
You die...

#...# #...##........
##.#
####...#######.##
...........).......#
.#####...#######..#
... . ###.#........#
..⌠ #.#.####...# ...
#.#.#......# .⌠[
#..#.#)#.###..# ...
#...g@.......# #>#
###.#r#.#.##.# ..
#.#....#.# ...
#.....##.# #..
.......).. #.
#####...> # ###.# ..


You could see a hobgoblin and a rat.

Vanquished Creatures
  A giant cockroach (D:1)
  A goblin (D:1)
  A kobold (D:1)
3 creatures vanquished.

Notes
Turn   | Place    | Note
-------+----------+-------------------------------------------
     0 | D:1      | ragingrage the Octopode Berserker began the quest for the
                  | Orb.
     0 | D:1      | Reached XP level 1. HP: 16/16 MP: 1/1
    69 | D:1      | Slain by a hobgoblin

Illustrated notes

Levels and vault maps discovered:
D:1:      dpeg_arrival_leaves_temple_mockup, layout_basic

Action                   || total
-------------------------++-------
Melee: Falchion          ||     4
       Constrict         ||     1
Invok: Berserk           ||     1
Dodge: Dodged            ||     3

Table legend: (Time is in decaauts)
 A = Elapsed time spent in this place.
 B = Non-inter-level travel time spent in this place.
 C = Inter-level travel time spent in this place.
 D = Time resting spent in this place.
 E = Time spent auto-exploring this place.
 F = Levels seen in this place.
 G = Mean time per level.
                   A        B        C        D        E       F      G
               +--------+--------+--------+--------+--------+-----+--------+
         Total |     69 |     69 |      0 |      0 |     53 |   1 |   69.0 |
       Dungeon |     69 |     69 |      0 |      0 |     53 |   1 |   69.0 |
               +--------+--------+--------+--------+--------+-----+--------+

Top non-repeatable levels by time:
     D:1: 69 daAuts
